 Dungeon Crawl Stone Soup version 0.30-a0-358-g0d69a1922f (webtiles) character file.

Game seed: 444725907963953516

34836 quakins the Spry (level 13, -2/86 HPs)
             Began as a Deep Elf Hexslinger on Nov 9, 2022.
             Was a High Priest of Nemelex Xobeh.
             Slain by a seven-headed hydra (4 damage)
             ... on level 3 of the Lair of Beasts on Nov 10, 2022.
             The game lasted 00:43:43 (12941 turns).

quakins the Spry (Deep Elf Hexslinger)             Turns: 12941, Time: 00:43:44

Health: -2/86      AC:  7    Str:  7    XL:     13   Next: 44%
Magic:  24/24      EV: 22    Int: 15    God:    Nemelex Xobeh [*****.]
Gold:   601        SH:  0    Dex: 19    Spells: 16/24 levels left

rFire   + + .      SeeInvis .    j - +10 sling "Undertaker" {vorpal, +Blink rElec Stlth+}
rCold   + + +      Faith    .    (no shield)
rNeg    . . .      Spirit   .    L - +1 robe of the Stone Wall {rF++ rC+ Int-5 Stlth+}
rPois   .          Reflect  .    A - +2 helmet
rElec   +          Harm     .    (no cloak)
rCorr   .          Rampage  .    d - +0 pair of gloves
Will    +....                    (no boots)
Stlth   ++++......               (no amulet)
HPRegen 0.34/turn                y - ring of protection from cold
MPRegen 0.19/turn                o - ring of protection from cold

@: elixired, studying Translocations
A: no striking features
a: Renounce Religion, Evoke Blink, Draw Escape, Draw Destruction, Draw
Summoning, Triple Draw, Deal Four, Stack Five


You were on level 3 of the Lair of Beasts.
You worshipped Nemelex Xobeh.
Nemelex Xobeh was extremely pleased with you.
You visited 2 branches of the dungeon, and saw 14 of its levels.
You also visited: Sewer.

You collected 797 gold pieces.
You spent 196 gold pieces at shops.

Inventory:

Hand Weapons
 j - the +10 sling "Undertaker" (weapon) {vorpal, +Blink rElec Stlth+}
   (You found it on level 2 of the Dungeon)

   Any ammunition fired from it inflicts extra damage upon your enemies.
   rElec:     It insulates you from electricity.
   +Blink:    It lets you blink.
   Stlth:     It makes you more stealthy.
Armour
 d - a +0 pair of gloves (worn)
 h - the +1 robe of the Trombone {Dex+3}
   (You found it on level 2 of the Dungeon)

   Dex:       It affects your dexterity (+3).
 u - a +2 robe of cold resistance
 A - a +2 helmet (worn)
 L - the +1 robe of the Stone Wall (worn) {rF++ rC+ Int-5 Stlth+}
   (You found it on level 9 of the Dungeon)

   Int:       It affects your intelligence (-5).
   rF:        It greatly protects you from fire.
   rC:        It protects you from cold.
   Stlth:     It makes you more stealthy.
Jewellery
 o - a ring of protection from cold (right hand)
 s - a ring of flight
 y - a ring of protection from cold (left hand)
 Q - a ring of wizardry
 R - a ring of poison resistance
Wands
 B - a wand of charming (34)
 F - a wand of polymorph (5)
 G - a wand of digging (15)
 M - a wand of flame (18)
 N - a wand of light (5)
 O - a wand of roots (15)
Scrolls
 a - 2 scrolls of torment {unknown}
 b - 3 scrolls of poison
 i - 3 scrolls of immolation
 n - a scroll of amnesia
 q - 2 scrolls of noise
 t - 4 scrolls of enchant weapon
 D - 3 scrolls of enchant armour
 H - a scroll of fear {unknown}
 J - a scroll of silence {unknown}
 K - 2 scrolls of identify
 P - 2 scrolls of vulnerability {unknown}
Potions
 c - 3 potions of brilliance
 f - 4 potions of might
 g - 11 potions of curing
 k - 2 potions of lignification
 l - 3 potions of flight
 m - 2 potions of degeneration
 r - 2 potions of haste
 v - 5 potions of invisibility
 w - 2 potions of mutation
 x - 9 potions of ambrosia
 z - 2 potions of attraction {unknown}
 E - 3 potions of cancellation {unknown}
 I - a potion of resistance {unknown}


   Skills:
 - Level 12.0 Fighting
 - Level 14.0 Ranged Weapons
 + Level 15.1 Dodging
 - Level 6.0 Spellcasting
 - Level 6.0 Hexes
 - Level 12.0 Translocations
 - Level 6.0 Invocations
 - Level 6.0 Evocations


You had 16 spell levels left.
You knew the following spells:

 Your Spells              Type           Power      Damage    Failure   Level
a - Slow                  Hex            88%        N/A       1%          1
b - Portal Projectile     Hex/Tloc       62%        N/A       1%          3
c - Cause Fear            Hex            11%        N/A       12%         4

Your spell library contained the following spells:

 Spells                   Type           Power      Damage    Failure   Level
 Kindle Blastsparks       Fire/Tloc/Air  32%        2d12      9%          3
 Inner Flame              Hex/Fire       13%        N/A       13%         3
 Ignite Poison            Fire/Tmut/Pois 4%         N/A       41%         3
 Flame Wave               Conj/Fire      4%         2d5       82%         4
 Sticky Flame             Conj/Fire      4%         2d3       82%         4
 Freezing Cloud           Conj/Ice/Air   2%         6-21      99%         5


Dungeon Overview and Level Annotations

Branches:
Dungeon (11/15)            Temple (0/1) D:7            Lair (3/5) D:11
  Swamp (0/4) Lair:2       Spider (0/4) Lair:2        Sewer (visited)
    Orc: D:9-12

Altars:
Ashenzari
Dithmenos
Gozag
Nemelex Xobeh
Qazlal
Ru
Wu Jian
Yredelemnul

Shops:
D:2 *   D:8 (   D:10 *


Message History

The seven-headed hydra bites you.
The seven-headed hydra closely misses you. x2
The seven-headed hydra completely misses you.
You draw a card...
You have drawn Degeneration.
Nothing appears to happen.
The seven-headed hydra bites you!
* * * LOW HITPOINT WARNING * * *
The seven-headed hydra completely misses you. x2
The seven-headed hydra bites you!
* * * LOW HITPOINT WARNING * * *
The seven-headed hydra barely misses you. x2
The seven-headed hydra bites you but does no damage.
You feel much better. The seven-headed hydra bites you!
* * * LOW HITPOINT WARNING * * *
The seven-headed hydra closely misses you.
The seven-headed hydra bites you but does no damage.
The seven-headed hydra bites you.
* * * LOW HITPOINT WARNING * * *
The seven-headed hydra closely misses you.
The seven-headed hydra misses you. The seven-headed hydra bites you!
* * * LOW HITPOINT WARNING * * *
You fail to use your ability.
The seven-headed hydra completely misses you.
The seven-headed hydra misses you.
The seven-headed hydra completely misses you.
The seven-headed hydra misses you.
The seven-headed hydra barely misses you.
The seven-headed hydra closely misses you.
The seven-headed hydra bites you.
* * * LOW HITPOINT WARNING * * *
You draw... (choose one card, ? for their descriptions)
a - the Elixir
b - the Elixir
c - the Elixir You have drawn the Elixir.
You begin rapidly regenerating health and magic.
The seven-headed hydra misses you. The seven-headed hydra bites you!
* * * LOW HITPOINT WARNING * * *
The seven-headed hydra bites you.
You die...
Your body glows with a rainbow of weird colours and disappears.

#.# ♣.♣♣
#♣.♣.♣#
#..♣..#
#.♣♣♣.#
#..♣..# ♣
#♣.♣.♣#
.♣.♣.#..#..#
..~.S..#@#.#
#.D#..#
#♣.♣.♣#
..♣..
#.♣♣♣.# #.
.# #♣ ♣#


You could see a seven-headed hydra.

Vanquished Creatures
  An azure jelly (Lair:3)
  Fannar (Lair:3)
  Josephine (D:10)
  3 hydras (Lair:2)
  A bog body (Lair:2)
  Pikel (D:6)
  4 elephants
  A guardian serpent (D:9)
  3 black mambas
  A torpor snail (Lair:3)
  6 cane toads
  3 komodo dragons
  Psyche (D:10)
  2 rime drakes
  A queen bee (Lair:2)
  2 trolls
  3 polar bears
  A hornet (D:9)
  6 blink frogs
  2 spriggans (Lair:2)
  5 wraiths
  A shadow (D:11)
  A human (D:6)
  A golden eye (D:9)
  5 basilisks
  7 wyverns
  37 yaks
  2 steam dragons
  2 redbacks (Lair:2)
  Menkaure (D:7)
  3 acid dragons
  3 swamp worms (Lair:2)
  13 water moccasins
  Duvessa (D:7)
  2 swamp drakes
  5 ice beasts
  2 sky beasts
  3 black bears
  3 orc warriors
  4 ogres
  19 wolves
  A boggart (D:10)
  10 centaurs
  2 phantoms
  A kobold brigand (D:9)
  12 bullfrogs
  A gnoll sergeant (D:6)
  3 necrophages (D:6)
  A scorpion (D:5)
  Dowan (D:7)
  34 killer bees
  8 electric eels
  2 howler monkeys (D:8)
  7 orc priests
  A jelly (D:10)
  A gnoll bouda (D:9)
  5 hounds
  Natasha (thrice) (D:3)
  4 iguanas
  9 orc wizards
  A hell rat (Lair:3)
  Robin (D:3)
  7 gnolls
  15 adders
  4 river rats (Sewer)
  A white imp (D:7)
  4 ufetubi
  A worm (D:5)
  3 dart slugs
  30 orcs
  12 endoplasms
  3 giant cockroaches
  17 goblins
  10 hobgoblins
  5 quokkas
  14 ball pythons
  7 bats
  8 frilled lizards
  8 kobolds
  31 rats
452 creatures vanquished.

Vanquished Creatures (collateral kills)
  Nergalle (Lair:2)
  An unseen horror (D:10)
  A wraith (D:5)
  2 yaks (D:10)
  A centaur (D:10)
  A killer bee (D:8)
  A gnoll (D:9)
  An adder (D:5)
  2 ball pythons (Sewer)
11 creatures vanquished.

Vanquished Creatures (others)
  5 fungi (Lair:2)
  19 plants
  A withered plant (D:1)
25 creatures vanquished.

Grand Total: 488 creatures vanquished

Notes
Turn   | Place    | Note
-------+----------+-------------------------------------------
     0 | D:1      | quakins the Deep Elf Hexslinger began the quest for the
                  | Orb.
     0 | D:1      | Reached XP level 1. HP: 11/11 MP: 5/5
   113 | D:1      | Reached XP level 2. HP: 16/16 MP: 6/6
   151 | D:1      | Found a faded altar of an unknown god.
   554 | D:1      | Prayed at the altar of an unknown god.
   554 | D:1      | Became a worshipper of Nemelex Xobeh the Trickster
   554 | D:1      | Reached * piety under Nemelex Xobeh
   554 | D:1      | Received a gift from Nemelex Xobeh
   673 | D:1      | Reached XP level 3. HP: 18/20 MP: 7/7
   840 | D:2      | Found Kihofidi's Assorted Antiques.
   853 | D:2      | Identified the +1 robe of the Trombone {Dex+3}
   899 | D:2      | Identified the +10 sling "Undertaker" {vorpal, +Blink rElec
                  | Stlth+}
   955 | D:2      | Reached skill level 5 in Ranged Weapons
  1415 | D:3      | Noticed Natasha
  1421 | D:3      | Killed Natasha
  1422 | D:3      | Reached XP level 4. HP: 14/24 MP: 8/8
  1462 | D:3      | Reached ** piety under Nemelex Xobeh
  1481 | D:3      | Noticed Natasha
  1482 | D:3      | Killed Natasha
  1509 | D:3      | Noticed Natasha
  1518 | D:3      | Killed Natasha
  1639 | D:3      | Reached XP level 5. HP: 28/28 MP: 9/9
  1663 | D:3      | Noticed Terence
  2023 | D:4      | Found a faded altar of an unknown god.
  2023 | D:4      | Found a basalt altar of Yredelemnul.
  2031 | D:4      | Found a shadowy altar of Dithmenos.
  2033 | D:4      | Found a sacrificial altar of Ru.
  2035 | D:4      | Found a faded altar of an unknown god.
  2111 | D:4      | Noticed a phantom
  2117 | D:4      | Killed a phantom
  2217 | D:4      | Received a gift from Nemelex Xobeh
  2270 | D:4      | Noticed an ogre
  2276 | D:4      | Killed an ogre
  2277 | D:4      | Reached XP level 6. HP: 33/33 MP: 10/10
  2373 | D:3      | Noticed Robin
  2435 | D:5      | Entered Level 5 of the Dungeon
  2435 | D:5      | Found a stormy altar of Qazlal.
  2436 | D:5      | Noticed an ice beast
  2439 | D:5      | Killed an ice beast
  2514 | D:5      | Reached skill level 10 in Ranged Weapons
  2514 | D:5      | Reached skill level 1 in Fighting
  2514 | D:5      | Reached XP level 7. HP: 38/38 MP: 11/11
  2537 | D:5      | Found a glowing drain.
  2546 | Sewer    | Entered a sewer
  2593 | Sewer    | Received a gift from Nemelex Xobeh
  2937 | D:5      | Noticed a wraith
  2939 | D:5      | Noticed a troll
  2943 | D:5      | Killed a wraith
  2944 | D:5      | Reached XP level 8. HP: 48/48 MP: 12/12
  2947 | D:5      | Killed a troll
  2948 | D:5      | Reached skill level 5 in Fighting
  3022 | D:5      | Reached *** piety under Nemelex Xobeh
  3132 | D:5      | Received a gift from Nemelex Xobeh
  3468 | D:3      | Killed Robin
  3577 | D:3      | Received a gift from Nemelex Xobeh
  3888 | D:3      | Terence changed into Terence the ball python
  3888 | D:3      | Noticed Terence
  3889 | D:3      | Killed Terence the ball python
  4434 | D:6      | Reached skill level 3 in Dodging
  4455 | D:6      | Reached skill level 4 in Dodging
  4455 | D:6      | Reached XP level 9. HP: 55/55 MP: 13/13
  4472 | D:6      | Reached skill level 5 in Dodging
  4475 | D:6      | Reached skill level 6 in Dodging
  4496 | D:6      | Reached skill level 7 in Dodging
  4567 | D:6      | Received a gift from Nemelex Xobeh
  4573 | D:6      | Identified the +5 mace "Itod" {vorpal, +Blink Int+3}
  4578 | D:6      | Reached skill level 8 in Dodging
  4592 | D:6      | Reached skill level 9 in Dodging
  4595 | D:6      | Reached skill level 10 in Dodging
  4664 | D:6      | Identified the +3 dagger "Vaim" {vorpal, Fly rN+}
  4678 | D:6      | Noticed Pikel
  4683 | D:6      | Killed Pikel
  4684 | D:6      | Reached skill level 12 in Dodging
  4730 | D:6      | Reached **** piety under Nemelex Xobeh
  4773 | D:6      | Reached skill level 13 in Dodging
  5083 | D:7      | Noticed Duvessa
  5086 | D:7      | Noticed Dowan
  5088 | D:7      | Killed Duvessa
  5089 | D:7      | Reached skill level 14 in Dodging
  5095 | D:7      | Killed Dowan
  5131 | D:7      | Reached XP level 10. HP: 56/59 MP: 14/14
  5193 | D:7      | Found a staircase to the Ecumenical Temple.
  5217 | D:7      | Reached skill level 15 in Dodging
  5434 | D:7      | Found a broken altar of Ashenzari.
  5470 | D:7      | Reached skill level 5 in Translocations
  5489 | D:7      | Noticed Menkaure
  5493 | D:7      | Killed Menkaure
  5523 | D:7      | Received a gift from Nemelex Xobeh
  5537 | D:7      | Learned a level 3 spell: Portal Projectile
  5835 | D:8      | Found Beiddu's Antique Weapon Emporium.
  6023 | D:8      | Found an ornate altar of the Wu Jian Council.
  6071 | D:8      | Received a gift from Nemelex Xobeh
  6346 | D:2      | Bought a garnet ring for 145 gold pieces
  6346 | D:2      | Bought a fizzy amethyst potion for 26 gold pieces
  6583 | D:9      | a yak changed into an entropy weaver
  6583 | D:9      | Noticed an entropy weaver
  6583 | D:9      | a yak changed into a cane toad
  6583 | D:9      | Noticed a cane toad
  6583 | D:9      | a yak changed into a guardian serpent
  6583 | D:9      | Noticed a guardian serpent
  6587 | D:9      | a cane toad changed into a swamp drake
  6587 | D:9      | an entropy weaver changed into an acid dragon
  6591 | D:9      | Reached skill level 10 in Translocations
  6598 | D:10     | Entered Level 10 of the Dungeon
  6598 | D:10     | Reached ***** piety under Nemelex Xobeh
  6878 | D:10     | Reached XP level 11. HP: 67/67 MP: 15/15
  6949 | D:10     | Found Igreoqot's Assorted Antiques.
  6950 | D:10     | Identified the +1 robe of Oladoonoisk {Rampage rElec Str+4
                  | Dex-2}
  6956 | D:10     | Bought a blue potion for 25 gold pieces
  7154 | D:10     | Found an opulent altar of Gozag.
  7197 | D:10     | Noticed Josephine
  7206 | D:10     | Killed Josephine
  7398 | D:9      | Noticed Psyche
  7402 | D:10     | Killed Psyche
  7710 | D:9      | Received a gift from Nemelex Xobeh
  7766 | D:9      | Identified the +1 robe of the Stone Wall {rF++ rC+ Int-5
                  | Stlth+}
  8463 | D:11     | Reached skill level 10 in Fighting
  8498 | D:11     | Found a staircase to the Lair.
  8789 | D:11     | Received a gift from Nemelex Xobeh
  9483 | Lair:1   | Entered Level 1 of the Lair of Beasts
  9510 | D:11     | Reached skill level 1 in Invocations
  9584 | Lair:1   | Reached XP level 12. HP: 61/77 MP: 16/16
  9704 | Lair:1   | Reached skill level 5 in Invocations
  9908 | Lair:1   | Reached skill level 1 in Evocations
  9984 | Lair:1   | Reached skill level 5 in Evocations
 10333 | Lair:1   | Learned a level 4 spell: Cause Fear
 10375 | Lair:1   | Received a gift from Nemelex Xobeh
 10435 | Lair:1   | Reached skill level 5 in Hexes
 10761 | Lair:2   | Noticed a five-headed hydra
 10770 | Lair:2   | Killed a five-headed hydra
 10906 | Lair:2   | Noticed an eight-headed hydra
 10917 | Lair:2   | Received a gift from Nemelex Xobeh
 11282 | Lair:2   | Noticed a five-headed hydra
 11315 | Lair:2   | Killed a five-headed hydra
 11481 | Lair:2   | Reached XP level 13. HP: 84/84 MP: 19/19
 11481 | Lair:2   | Found a hole to the Spider Nest.
 11554 | Lair:2   | Noticed Nergalle
 11582 | Lair:2   | Killed Nergalle
 11794 | Lair:2   | Received a gift from Nemelex Xobeh
 12046 | Lair:2   | Found a staircase to the Swamp.
 12433 | Lair:3   | Reached skill level 5 in Spellcasting
 12473 | Lair:3   | Noticed Fannar
 12475 | Lair:3   | a death yak changed into an azure jelly
 12475 | Lair:3   | Noticed an azure jelly
 12489 | Lair:3   | Killed an azure jelly
 12497 | Lair:3   | Killed Fannar
 12722 | Lair:3   | Received a gift from Nemelex Xobeh
 12941 | Lair:3   | HP: 2/86 [seven-headed hydra (12)]
 12941 | Lair:3   | Slain by a seven-headed hydra

Illustrated notes

Levels and vault maps discovered:
D:1:      dpeg_arrival_lava_temple_mockup, layout_loops_ring,
          shapermc_ecumenical_altar_flowoftime
D:2:      layout_loops_ring, serial_shops, nicolae_shop_overgrown_old_shop
D:3:      layout_basic, kennysheep_donut, chequers_jeans, uniq_natasha,
          uniq_robin, uniq_terence
D:4:      layout_basic, chequers_temple_overflow_minitemple
D:5:      layout_rooms, grunt_qazlal_sundering, portal_sewer_entry_d,
          minmay_holes, minmay_manual_macuahuitl
D:6:      layout_basic, serial_bayou_pond_a, minmay_starry_boxes, uniq_pikel
D:7:      layout_basic, kennysheep_mini, minmay_temple_entry_stoned_glass,
          serial_bayou, serial_bayou_shore_a, serial_bayou_pond_c,
          serial_bayou_shore_b, serial_bayou_pond_c, kennysheep_generic_room_16,
          uniq_menkaure, uniq_duvessa
D:8:      layout_cave_pools, mainiacjoe_overflow_brackets, serial_shops, shop
D:9:      layout_rooms, enter_bailey_3, chequers_serial_rivers_micro_e,
          uniq_psyche
D:10:     layout_cave_pools, grunt_gozag_statues, serial_shops, shop_statue,
          uniq_josephine
D:11:     layout_loops_ring, erik_lair_dragon
Lair:1:   layout_roguey, guppyfry_lair_drakes, serial_bayou_shore_b,
          grunt_megastairs_4
Lair:2:   layout_roguey [special_room_bee], nicolae_swamp_entry_splash_gauntlet,
          spider_nest_entry_webs, forest_entry_grove, grunt_megastairs_2,
          uniq_nergalle
Lair:3:   nzn_winding_woodlands_huge [nzn_winding_woodlands_5x15_cabin,
          nzn_winding_woodlands_5x15_pool,
          nzn_winding_woodlands_5x15_sidewinder,
          nzn_winding_woodlands_5x15_longhouse,
          nzn_winding_woodlands_5x15_river_crossing,
          nzn_winding_woodlands_5x15_parted, nzn_winding_woodlands_5x15_default,
          nzn_winding_woodlands_5x15_garden, nzn_winding_woodlands_5x15_twine,
          nzn_winding_woodlands_5x15_eye,
          nzn_winding_woodlands_center_triple_pond,
          nzn_winding_woodlands_center_lodge,
          nzn_winding_woodlands_15x15_five_gardens], layout_gridlike,
          lemuel_oklob_altar, uniq_fannar, uniq_snorg, uniq_sonja

Skill      XL: |  1  2  3  4  5  6  7  8  9 10 11 12 13 |
---------------+----------------------------------------+-----
Ranged Weapons | 3 4 6 7 9 10 12 14 | 14.0
Fighting       | 1 4 6 7 10 11 12 | 12.0
Dodging        | 4 14 15 | 15.1
Translocations | 10 12 | 12.0
Invocations    | 2 6 |  6.0
Evocations     | 6 |  6.0
Hexes          | 6 |  6.0
Spellcasting   | 6 |  6.0

Action                   |  1- 3 |  4- 6 |  7- 9 | 10-12 | 13-15 || total
-------------------------+-------+-------+-------+-------+-------++-------
 Fire: Sling             |    81 |    88 |   219 |   676 |   203 ||  1267
 Cast: Slow              |     1 |       |       |       |       ||     1
       Portal Projectile |       |       |       |     6 |       ||     6
Invok: Draw Summoning    |     1 |     1 |     2 |     8 |     1 ||    13
       Draw Escape       |     1 |       |     1 |     5 |     1 ||     8
       Draw Destruction  |       |     2 |    11 |    32 |     7 ||    52
       Triple Draw       |       |       |       |       |     1 ||     1
  Use: Scroll            |       |       |     8 |     7 |       ||    15
       Potion            |       |       |       |     4 |     2 ||     6
Armor: Robe              |     5 |     3 |    12 |    41 |    26 ||    87
Dodge: Dodged            |    14 |    12 |    21 |   317 |   126 ||   490

Table legend: (Time is in decaauts)
 A = Elapsed time spent in this place.
 B = Non-inter-level travel time spent in this place.
 C = Inter-level travel time spent in this place.
 D = Time resting spent in this place.
 E = Time spent auto-exploring this place.
 F = Levels seen in this place.
 G = Mean time per level.
                   A        B        C        D        E       F      G
               +--------+--------+--------+--------+--------+-----+--------+
         Total |  12831 |  11814 |   1017 |   1389 |   8186 |  15 |  855.4 |
       Dungeon |   9315 |   8340 |    975 |    801 |   6038 |  11 |  846.8 |
          Lair |   3227 |   3186 |     41 |    588 |   1976 |   3 | 1075.7 |
         Sewer |    288 |    288 |      0 |      0 |    171 |   1 |  288.0 |
               +--------+--------+--------+--------+--------+-----+--------+

Top non-repeatable levels by time:
    D:11: 1552 daAuts
  Lair:2: 1352 daAuts
     D:3: 1196 daAuts
  Lair:1: 1134 daAuts
    D:10: 996 daAuts
     D:4: 894 daAuts
     D:1: 822 daAuts
     D:6: 753 daAuts
  Lair:3: 740 daAuts
     D:5: 715 daAuts
     D:7: 690 daAuts
     D:2: 641 daAuts
     D:8: 533 daAuts
     D:9: 519 daAuts
   Sewer: 288 daAuts
